 Dungeon Crawl Stone Soup version 0.31.0-9-g3a7656b989 (webtiles) character file.

Game seed: 16874761842779722433

3 qw the Shooter (level 1, 0/10 HPs)
             Began as a Spriggan Hunter on Feb 2, 2024.
             Slain by a quokka (2 damage)
             ... on level 1 of the Dungeon.
             The game lasted 00:00:00 (179 turns).

qw the Shooter (Spriggan Hunter)                     Turns: 179, Time: 00:00:00

Health: 0/10       AC:  2    Str:  7    XL:     1   Next: 41%
Magic:  2/2        EV: 18    Int: 10    God:
Gold:   28         SH:  0    Dex: 18    Spells: 0/0 levels left

rFire   . . .        a - +0 shortbow
rCold   . . .        (shield currently unavailable)
rNeg    . . .        c - +0 robe
rPois   .            (helmet restricted)
rElec   .            (no cloak)
rCorr   .            (gloves unavailable)
SInv    +            (boots unavailable)
Will    .....        (no amulet)
Stlth   ++           (no ring)
HPRegen 0.21/turn    (no ring)
MPRegen 0.08/turn

%: no passive effects
@: very quick
A: very small, no large weapons, unfitting armour, see invisible, speed 3
a: no special abilities


You were on level 1 of the Dungeon.
You visited 1 branch of the dungeon, and saw 1 of its levels.

You collected 28 gold pieces.


Innate Abilities, Weirdness & Mutations

You are very small and have problems with some larger weapons.
You are too small for most types of armour.
You have supernaturally acute eyesight. (SInv)
You cover ground extremely quickly. (Speed+++)


   Skills:
 - Level 1.5 Fighting
 - Level 4.0 Ranged Weapons
 + Level 3.1 Dodging
 - Level 1.5 Stealth


You couldn't memorise any spells.
You didn't know any spells.
Your spell library was empty.

Inventory:

Hand Weapons
 a - a +0 shortbow (weapon)
Armour
 c - a +0 robe (worn)
Scrolls
 b - a scroll of butterflies
 d - a scroll of brand weapon {unknown}
 g - a scroll of poison {unknown}
Potions
 e - 2 potions of curing {unknown}
 f - a potion of heal wounds {unknown}

Dungeon Overview and Level Annotations

Branches:
Dungeon (1/15)

Altars:


Message History

Your Dodging skill increases to level 3!
d - a scroll labelled NUON OSAAH
Found 5 stones.
e - 2 smoky ruby potions
Found a stone staircase leading down.
f - a bubbling brown potion
g - a scroll labelled YTOCKU GARUHA
Found 4 boomerangs.
A rat comes into view.
You shoot an arrow. The arrow hits the rat.
You kill the rat!
You now have 28 gold pieces (gained 18).
A quokka and a kobold come into view.
The kobold is wielding a +2 short sword of protection.
Found 17 gold pieces.
You shoot an arrow. The arrow hits the kobold.
The kobold shouts!
The kobold is severely wounded.
You shoot an arrow. The arrow barely misses the kobold.
The kobold completely misses you.
You shoot an arrow. The arrow hits the kobold!
You kill the kobold!
The quokka twitches its whiskers.
You see here a +2 short sword of protection.
You shoot an arrow. The arrow hits the quokka.
The quokka is moderately wounded.
You shoot an arrow. The arrow barely misses the quokka.
The quokka barely misses you.
You shoot an arrow. The arrow barely misses the quokka.
The quokka bites you. The quokka misses you.
You shoot an arrow. The arrow barely misses the quokka.
The quokka bites you but does no damage.
You shoot an arrow. The arrow hits the quokka.
The quokka is almost dead.
The quokka barely misses you. The quokka bites you.
You shoot an arrow. The arrow barely misses the quokka.
The quokka bites you but does no damage.
You shoot an arrow. The arrow barely misses the quokka.
The quokka bites you. x2
You die...

#.# #># #..#.#
##.####### #.#
#.# #..#.#
#.#....... (.#
#.# #..#.#
#..####### ..#
#.######..#.#
#.## ..#
.......#..#.#
#.# ..#
##.....#.# #.#
.....$.#.# #.#
##....r#.# #.#
.......@.# #.#
###....### #.#
#.#.# #.# # #.
#.# . #.## ##
####.#.##
#...###.##
###.##.#...####
#.....#.##.#..


You could see a quokka.

Vanquished Creatures
  2 frilled lizards (D:1)
  A kobold (D:1)
  2 rats (D:1)
5 creatures vanquished.

Notes
Turn   | Place    | Note
-------+----------+-------------------------------------------
     0 | D:1      | qw the Spriggan Hunter began the quest for the Orb.
     0 | D:1      | Reached XP level 1. HP: 10/10 MP: 2/2
     0 | D:1      | 0 ||| qw: Version: 0.3-a-155-g5e7d8dd
     0 | D:1      | 0 ||| qw: Game counter: 1096
     0 | D:1      | 0 ||| qw: Melee chars always use a shield: true
     0 | D:1      | 0 ||| qw: God list: Okawaru
     0 | D:1      | 0 ||| qw: Allow faded altars: false
     0 | D:1      | 0 ||| qw: Do Orc after clearing Dungeon:15 true
     0 | D:1      | 0 ||| qw: Do second Lair branch before Depths: true
     0 | D:1      | 0 ||| qw: Lair rune preference: random
     0 | D:1      | 0 ||| qw: Goals: Normal
     0 | D:1      | 0 ||| PLANNING D:1-11
    99 | D:1      | Reached skill level 3 in Dodging
   179 | D:1      | HP: 2/10 [quokka (4)]
   179 | D:1      | Slain by a quokka

Levels and vault maps discovered:
D:1:      evilmike_arrival_rings, layout_loops_ring

Skill      XL: |  1 |
---------------+----+-----
Dodging        | 3 |  3.1
Fighting       | |  1.5
Ranged Weapons | |  4.0
Stealth        | |  1.5

Action                     || total
---------------------------++-------
   Fire: Shortbow          ||    17
 Armour: Robe              ||     6
  Dodge: Dodged            ||     4

Table legend:
 A = Non-vault XP
 B = Vault XP
 C = Vault XP percentage of total XP
 D = Non-vault monster count
 E = Vault monster count
 F = Vault count percentage of total count
                 A         B        C        D         E       F
            +---------+---------+-------+---------+---------+-------
      Total |       5 |       0 |   0.0 |       5 |       0 |   0.0
            +---------+---------+-------+---------+---------+-------
        D:1 |       5 |       0 |   0.0 |       5 |       0 |   0.0
            +---------+---------+-------+---------+---------+-------
